 Dungeon Crawl Stone Soup version 0.32-a0-471-gb91d5d9764 (webtiles) character file.

Game seed: 14581736220231245185

608635 nuthulu the Conqueror (level 26, -7/186 HPs)
             Began as a Minotaur Fighter on Feb 25, 2024.
             Was the Champion of the Shining One.
             Mangled by a reaper
             ... wielding a +1 scythe of venom
              (17 damage)
             ... while paralysed by accursed screaming
             ... on level 5 of the Abyss.
             The game lasted 01:51:20 (58123 turns).

nuthulu the Conqueror (Minotaur Fighter)           Turns: 58123, Time: 01:51:20

Health: -7/186     AC: 44    Str: 26    XL:     26   Next: 17%
Magic:  14/26      EV:  2    Int:  9    God:    the Shining One [******]
Gold:   5918       SH:  0    Dex: 14    Spells: 25/25 levels left

rFire   . . .        Q - +9 broad axe (holy)
rCold   + + .        X - +3 kite shield {AC+3}
rNeg    + + +        Z - +6 crystal plate armour {rC+}
rPois   .            j - +2 hat {Stlth+}
rElec   +            W - +2 cloak {rCorr}
rCorr   +            R - +3 pair of gauntlets of War {Slay+5}
SInv    .            p - +1 pair of boots "Solyesubb" {rElec rF+}
Will    ++...        F - amulet of reflection Stlth
                     l - ring "Peikipomya" {Fly rF+ rC+ Dex+3}
HPRegen 0.00/turn    J - ring of willpower
MPRegen 0.20/turn

%: reflection
@: paralysed, divinely shielded, flying, inhibited regen, glowing, studying 4
skills
A: horns 2, retaliatory headbutt, clever 1, sense surroundings 1, inhibited
regeneration, weak 2, no potion heal 2, MP-powered wands, [deformed body], frail
1[+2], [low MP 2], [screaming 2], [heat vulnerability 2], subdued magic 1[+2],
inability to drink after injury 1[+1]
}: 4/15 runes: decaying, serpentine, slimy, silver
a: Renounce Religion, Divine Shield, Cleansing Flame, Summon Divine Warrior


You were on level 5 of the Abyss.
You worshipped the Shining One.
The Shining One was exalted by your worship.
You visited 10 branches of the dungeon, and saw 48 of its levels.
You visited the Abyss 1 time.
You also visited: Ice Cave.

You collected 7591 gold pieces.
You spent 1673 gold pieces at shops.

Inventory:

Hand Weapons
 w - a +2 flail of protection
 Q - a +9 broad axe of holy wrath (weapon)
 Y - a +2 morningstar of freezing
Missiles
 i - 3 throwing nets (quivered)
Armour
 j - a +2 hat of stealth (worn)
 p - the +1 pair of boots "Solyesubb" (worn) {rElec rF+}
   (You acquired it on level 4 of the Dungeon)

   rF+:       It protects you from fire.
   rElec:     It insulates you from electricity.
 R - the +3 pair of gauntlets of War (worn) {Slay+5}
   (Okawaru gifted it to you on level 4 of the Lair of Beasts)

   Slay+5:    It affects your accuracy & damage with ranged weapons and melee
   (+5).
 W - a +2 cloak of preservation (worn)
 X - a +3 kite shield of protection (worn)
 Z - a +6 crystal plate armour of cold resistance (worn)
Jewellery
 b - a ring of poison resistance
 c - a ring of flight
 g - an amulet of magic regeneration
 l - the ring "Peikipomya" (left hand) {Fly rF+ rC+ Dex+3}
   (You found it on level 5 of the Pits of Slime)

   [ring of protection from fire]

   Dex+3:     It affects your dexterity (+3).
   rF+:       It protects you from fire.
   rC+:       It protects you from cold.
   Fly:       It grants you flight.
 s - a +2 ring of protection
 v - an amulet of faith
 F - an amulet of reflection (around neck)
 G - an amulet of guardian spirit
 I - a ring of ice
 J - a ring of willpower (right hand)
 K - a ring of protection from cold
 U - a +6 ring of strength
Wands
 o - a wand of polymorph (22)
 u - a wand of acid (12)
 y - a wand of roots (58)
 D - a wand of digging (11)
 L - a wand of paralysis (50)
 P - a wand of flame (102)
Scrolls
 a - a scroll of poison
 e - 3 scrolls of vulnerability
 h - 28 scrolls of teleportation
 q - 2 scrolls of torment
 A - 5 scrolls of amnesia
 B - 6 scrolls of revelation
 C - 5 scrolls of immolation
 M - 6 scrolls of fear
 S - 7 scrolls of blinking
 T - 7 scrolls of fog
 V - 19 scrolls of identify
Potions
 d - 12 potions of might
 f - 4 potions of heal wounds
 k - 6 potions of resistance
 m - 2 potions of berserk rage
 n - 7 potions of haste
 r - 7 potions of magic
 t - 13 potions of lignification
 x - 14 potions of curing
 z - 4 potions of enlightenment
 E - 5 potions of brilliance
 H - 4 potions of invisibility
 N - 6 potions of attraction
 O - 3 potions of cancellation


   Skills:
 O Level 27 Fighting
 O Level 27 Axes
 + Level 22.9 Armour
 + Level 24.3 Dodging
 + Level 21.3 Shields
 - Level 15.7 Invocations


You had 25 spell levels left.
You didn't know any spells.
Your spell library contained the following spells:

 Spells                   Type           Power      Damage    Failure   Level
 Apportation              Tloc           0%         N/A       98%         1
 Foxfire                  Conj/Fire      0%         2x1d4     98%         1
 Kiss of Death            Conj/Necr      0%         2d5       98%         1
 Magic Dart               Conj           0%         1d3       98%         1
 Sandblast                Erth           0%         2d4       98%         1
 Slow                     Hex            0%         N/A       98%         1
 Call Imp                 Summ           0%         N/A       99%         2
 Ensorcelled Hibernation  Hex/Ice        0%         N/A       99%         2
 Jinxbite                 Hex            0%         N/A       99%         2
 Mercury Vapours          Alch/Air       0%         N/A       99%         2
 Searing Ray              Conj           0%         2d4       99%         2
 Sublimation of Blood     Necr           0%         N/A       99%         2
 Confusing Touch          Hex            0%         N/A       100%        3
 Dazzling Flash           Conj/Hex       0%         N/A       100%        3
 Frozen Ramparts          Ice            0%         1d1       100%        3
 Fugue of the Fallen      Necr           0%         N/A       100%        3
 Gell's Gravitas          Tloc           0%         N/A       100%        3
 Inner Flame              Hex/Fire       0%         N/A       100%        3
 Mephitic Cloud           Conj/Alch/Air  0%         N/A       100%        3
 Ozocubu's Armour         Ice            0%         N/A       100%        3
 Passwall                 Erth           0%         N/A       100%        3
 Sigil of Binding         Hex            0%         N/A       100%        3
 Stone Arrow              Conj/Erth      0%         3d7       100%        3
 Swiftness                Air            0%         N/A       100%        3
 Teleport Other           Tloc           0%         N/A       100%        3
 Tukima's Dance           Hex            0%         N/A       100%        3
 Vampiric Draining        Necr           0%         2d6       100%        3
 Volatile Blastmotes      Fire/Tloc      0%         2d10      100%        3
 Anguish                  Hex/Necr       0%         N/A       100%        4
 Animate Armour           Summ/Erth      0%         N/A       100%        4
 Brom's Barrelling Bould  Conj/Erth      0%         2d3       100%        4
 Cause Fear               Hex            0%         N/A       100%        4
 Dimensional Bullseye     Hex/Tloc       0%         N/A       100%        4
 Dispel Undead            Necr           0%         3d6       100%        4
 Flame Wave               Conj/Fire      0%         2d4       100%        4
 Fulminant Prism          Conj/Alch      0%         3d5       100%        4
 Iskenderun's Mystic Bla  Conj/Tloc      0%         2d3       100%        4
 Leda's Liquefaction      Alch/Erth      0%         N/A       100%        4
 Manifold Assault         Tloc           0%         N/A       100%        4
 Passage of Golubria      Tloc           0%         N/A       100%        4
 Petrify                  Alch/Erth      0%         N/A       100%        4
 Sticky Flame             Fire/Alch      0%         2d4       100%        4
 Summon Blazeheart Golem  Fire/Summ      0%         N/A       100%        4
 Summon Lightning Spire   Summ/Air       0%         N/A       100%        4
 Vhi's Electric Charge    Tloc/Air       0%         N/A       100%        4
 Alistair's Intoxication  Alch           0%         N/A       100%        5
 Arcjolt                  Conj/Air       0%         1d10      100%        5
 Curse of Agony           Necr           0%         N/A       100%        5
 Fireball                 Conj/Fire      0%         3d3       100%        5
 Freezing Cloud           Conj/Ice/Air   0%         6-21      100%        5
 Iskenderun's Battlesphe  Conj           0%         2d6       100%        5
 Lee's Rapid Deconstruct  Erth           0%         3d4*      100%        5
 Metabolic Englaciation   Hex/Ice        0%         N/A       100%        5
 Silence                  Hex/Air        0%         N/A       100%        5
 Bombard                  Conj/Erth      0%         9d1       100%        6
 Conjure Ball Lightning   Conj/Air       0%         3x3d6     100%        6
 Dispersal                Tloc           0%         N/A       100%        6
 Plasma Beam              Fire/Air       0%         2x1d10    100%        6
 Starburst                Conj/Fire      0%         6d3       100%        6
 Enfeeble                 Hex            0%         N/A       100%        7
 Orb of Destruction       Conj           0%         9d5       100%        7
 Spellforged Servitor     Conj/Summ      0%         N/A       100%        7
 Summon Hydra             Summ           0%         N/A       100%        7
 Discord                  Hex            0%         N/A       100%        8
 Disjunction              Tloc           0%         N/A       100%        8
 Maxwell's Capacitive Co  Air            0%         ∞         100%        8
 Fire Storm               Conj/Fire      0%         5d1       100%        9


Dungeon Overview and Level Annotations

Branches:
Dungeon (15/15)            Temple (1/1) D:4            Lair (5/5) D:9
  Swamp (4/4) Lair:3        Snake (4/4) Lair:3        Slime (5/5) Lair:4
    Orc (2/2) D:9             Elf (0/3) Orc:2        Vaults (5/5) D:14
  Crypt (3/3) Vaults:3       Tomb (0/3) Crypt:3      Depths (4/4) D:15
    Zot (0/5) Depths:4      IceCv (visited)

Altars:
Ashenzari
Cheibriados
Dithmenos
Elyvilon
Fedhas
Gozag
Hepliaklqana
Kikubaaqudgha
Makhleb
Nemelex Xobeh
Okawaru
Qazlal
Ru
Sif Muna
Trog
Uskayaw
Vehumet
Wu Jian
Xom
Yredelemnul
Zin
The Shining One
Beogh
Jiyva

Shops:
D:1 :   D:4 =   D:15 :   Orc:2 [*[=(   Vaults:3 (   Vaults:4 *   Depths:1 !
Depths:3 *   Depths:4 **

Portals:
Hell: Depths:1 Depths:2 Depths:3 Depths:4
Abyss: Depths:3 Depths:4
Pandemonium: Depths:1 Depths:2
Ziggurat: Depths:2
Trove: Vaults:1 (give +3 storm dragon scales)

Annotations:
D:11 1 runed translucent door, 2 transporters, Shym's ghost, novice DsWn
Lair:2 2 transporters, Konar's ghost, journeyman CoHu
Snake:3 3 runed translucent doors, CobblerOfWar's ghost, adept CoFi


Innate Abilities, Weirdness & Mutations

You have a pair of horns on your head.
You reflexively headbutt those who attack you in melee.
Your mind is acute. (Int +4, Str/Dex -1)
You passively map a small area around you.
You do not regenerate when monsters are visible.
You are very weak. (Str -4)
Potions cannot restore your health.
You expend magic power (3 MP) to strengthen your wands.
[Armour fits poorly on your strangely shaped body.]
[You are extremely frail. (-30% HP)]
[Your magical capacity is very low. (-20% MP)]
[You frequently scream uncontrollably at your foes.]
[You are very vulnerable to heat. (rF--)]
[Your spells are much easier to cast, but much less powerful.]
[You sometimes lose the ability to drink potions when taking damage.]


Message History

A deafening chorus of shrieks assaults your mind!
* * * LOW HITPOINT WARNING * * *
You block the reaper's attack.
You completely miss the starcursed mass.
You headbutt the starcursed mass.
The starcursed mass is heavily damaged.
You hit the apocalypse crab but do no damage.
The starcursed mass shudders and withdraws towards its neighbour. x3
The orc sorcerer yells loudly.
You block the apocalypse crab's attack. x2; You block the reaper's attack.
Found an abyssal rune of Zot.
You block the tentacled starspawn's attack.
The tentacled starspawn tentacle-slaps you but does no damage.
A starcursed mass splits. x2
The orc sorcerer shouts, "You are history!"
You block the reaper's attack.
A cacophony of accursed wailing tears at your sanity!
* * * LOW HITPOINT WARNING * * *
There is an open door, spattered with blood here.
Things that are here:
a blink frog corpse; a blink frog corpse You slice the reaper!!
The reaper convulses!
You headbutt the reaper.
The reaper is severely wounded.
You slash the apocalypse crab!
The apocalypse crab convulses!
You slice the starcursed mass!!
You destroy the starcursed mass!
You slice the tentacled starspawn!!
You block the thrashing horror's attack. x2
You block the tentacled starspawn's attack.
The tentacled starspawn completely misses you.
A cacophony of accursed wailing tears at your sanity!
* * * LOW HITPOINT WARNING * * *
You suddenly lose the ability to move!
A starcursed mass splits.
The thrashing horror tramples you but does no damage. x2
The apocalypse crab bites you but does no damage.
The apocalypse crab claws you but does no damage.
The wretched star pulses with an eldritch light!
You feel less energetic. x2
The reaper hits you with a +1 scythe of venom!
You die... # #.. #.. ##φ## .# . ..._# #. .Z #...### ##. # #...X# ###○# .
XXXX # †.# . #XX

○.# .# .
...X#XX###.# ..#
##
.XXF4o2@t*X#..# #
..x#X*X#.#X#..###
#.G##†##.#....#
....#⌠##D § ..# #
..... #.#○#..# .
##### ## ° ..#. .
. # #☼○ . ....
§#☼☼ . § .. . ..#
#.# #§.....


You could see 11 starcursed masses, a tentacled starspawn, a reaper, 2 wretched
stars, a glowing orange brain, 4 thrashing horrors, an apocalypse crab, a rust
devil (summoned), a blink frog, an orc sorcerer and a small abomination
(summoned).

Vanquished Creatures
  the Royal Jelly (Slime:5)
  A dread lich (Abyss:4)
  Khufu (Crypt:3)
  Frederick (Crypt:3)
  An ancient lich (Vaults:4)
  Mennas (Crypt:2)
  Sojobo (Depths:1)
  Boris (thrice) (Depths:3 Vaults:1 Vaults:3)
  Bai Suzhen (Snake:3)
  Nikola (Swamp:1)
  5 golden dragons
  3 bone dragons
  A profane servitor (Crypt:3)
  2 hellephants
  A walking crystal tome (Depths:3)
  Rupert (Snake:1)
  3 tentacled monstrosities
  8 liches
  2 shard shrike skeletons (Abyss:5)
  2 deep elf master archers
  A deep elf blademaster (Abyss:2)
  16 acid blobs (Slime:5)
  10 titans
  6 sphinxes
  2 ancient champions
  3 storm dragons
  Kirke (Lair:3)
  6 shadow dragons
  9 tengu reavers
  12 tentacled starspawn
  9 azure jellies
  Donald (Slime:5)
  5 fenstrider witches
  7 rockslimes
  3 revenants
  A deep elf sorcerer (Vaults:5)
  A draconian knight (Depths:4)
  A draconian scorcher (Depths:4)
  8 frost giants
  14 fire giants
  2 nagarajas
  2 deep elf elementalists
  A shard shrike simulacrum (Abyss:5)
  Louise (Snake:1)
  15 vault wardens
  A spectral caustic shrike (Crypt:2)
  A balrug (Depths:1)
  A caustic shrike zombie (Crypt:3)
  A draconian stormcaller (Depths:4)
  2 caustic shrike skeletons
  2 reapers
  21 ironbound preservers
  A spriggan defender (Depths:2)
  A curse skull (Crypt:2)
  11 quicksilver oozes
  20 very ugly things
  11 ghouls
  4 orc warlords
  12 stone giants
  3 formless jellyfish
  A juggernaut skeleton (Abyss:2)
  2 black draconians (Depths:4)
  A starflower (Abyss:4)
  10 vampire knights
  Nessos (D:13)
  2 yellow draconians (Depths:4)
  6 ironbound thunderhulks
  2 deep elf demonologists
  A white draconian (Abyss:2)
  2 green draconians
  4 bunyips
  4 eleionomae
  A lorocyproca (Abyss:5)
  A red draconian (Depths:4)
  The ghost of Xahacwic the Fighter, a journeyman MiFi of Trog (D:13)
  9 spark wasps
  6 war gargoyles
  2 purple draconians
  5 deep elf death magi
  14 dire elephants
  Azrael (Snake:3)
  15 ettins
  3 crystal guardians
  2 blizzard demons
  A green death (Abyss:2)
  A quicksilver dragon zombie (Crypt:2)
  A merfolk impaler (Depths:3)
  9 fire dragons
  A merfolk javelineer (Depths:3)
  A deep elf high priest (Vaults:5)
  An entropy weaver (Vaults:1)
  3 shambling mangroves
  A spriggan zombie (Crypt:2)
  22 jiangshi
  13 yaktaur captains
  2 mummy priests (Crypt:3)
  12 great orbs of eyes
  Fannar (Lair:1)
  40 vault guards
  22 hydras
  6 rakshasas
  9 ice dragons
  2 salamander tyrants
  An ice dragon (shapeshifter) (Vaults:5)
  6 spriggan air magi
  Erolcha (Orc:1)
  8 centaur warriors
  5 alligators
  3 ghost crabs
  3 peacekeepers
  12 ironbound frosthearts
  2 ogre magi
  3 death knights
  8 death yaks
  A dancing weapon (Abyss:2)
  2 spriggan skeletons
  19 two-headed ogres
  3 alligator snapping turtles (Snake:2)
  13 anacondas
  4 boulder beetles
  A catoblepas (Abyss:5)
  4 tengu warriors
  A sphinx skeleton (Vaults:3)
  17 deep troll earth magi
  10 naga warriors
  2 sun demons
  22 thrashing horrors
  A spectral storm dragon (Crypt:2)
  10 shock serpents
  Urug (Orc:2)
  3 occultists
  An orc high priest (Orc:2)
  3 hell hogs (Abyss:3)
  13 naga sharpshooters
  7 deep troll shamans
  2 soul eaters
  5 vampire magi
  12 deep elf knights
  4 spriggan berserkers
  Nergalle (Orc:1)
  Amaemon (Lair:2)
  2 fire crabs (Abyss:5)
  A sixfirhy (Abyss:2)
  15 wretched stars
  2 shadow wraiths
  8 salamander mystics
  7 iron trolls
  5 hell knights
  17 skeletal warriors
  6 goliath frogs
  3 spriggan druids
  3 sea snakes (Snake:2)
  4 naga ritualists
  6 arcanists
  A spatial maelstrom (Abyss:4)
  An orb spider (shapeshifter) (Vaults:5)
  2 skysharks (Lair:4)
  2 titan skeletons
  A sea snake (shapeshifter) (Vaults:4)
  25 bog bodies
  A shadow demon (Depths:1)
  8 glowing orange brains
  62 deep trolls
  16 mana vipers
  11 swamp dragons
  6 flayed ghosts
  7 deep elf archers
  10 harpies (Vaults:1)
  A quicksilver dragon simulacrum (Crypt:2)
  56 starcursed masses
  17 ironbound convokers
  11 phantasmal warriors
  2 bunyip skeletons
  16 orc knights
  10 necromancers
  A stone giant zombie (Abyss:2)
  14 deep elf pyromancers
  7 deep elf zephyrmancers
  15 lindwurms
  62 ugly things
  20 salamanders
  A wolf spider (shapeshifter) (Depths:2)
  5 cyclopes
  4 orc sorcerers
  A shadow dragon skeleton (Vaults:3)
  An iron dragon zombie (Crypt:1)
  A faun (shapeshifter) (Vaults:5)
  28 large abominations
  6 manticores
  7 will-o-the-wisps
  3 worldbinders
  A frost giant skeleton (Vaults:3)
  13 guardian serpents
  3 shining eyes
  14 vault sentinels
  2 elf zombies (Vaults:3)
  2 naga zombies
  3 kobold blastminers (Orc:2)
  A titan simulacrum (Crypt:2)
  A stone giant skeleton (Vaults:3)
  A salamander (shapeshifter) (Vaults:1)
  A dire elephant zombie (Crypt:3)
  3 meliai (D:15)
  2 centaur zombies
  An eye of devastation (shapeshifter) (Depths:2)
  15 naga magi
  34 black mambas
  A black mamba (shapeshifter) (Vaults:5)
  An ice statue (IceCv)
  5 apocalypse crabs
  11 smoke demons
  A torpor snail (shapeshifter) (Depths:4)
  5 rime drakes
  16 cane toads
  An elf skeleton (Vaults:3)
  2 orange demons
  4 eyes of devastation
  2 centaur skeletons
  3 unseen horrors
  24 yaktaurs
  A minotaur zombie (Crypt:2)
  4 anaconda simulacra
  An orc skeleton (Orc:1)
  A hellion (Abyss:4)
  10 komodo dragons
  An alligator snapping turtle skeleton (Crypt:2)
  5 efreet
  11 freezing wraiths
  3 yaktaur skeletons (Vaults:3)
  11 ancient zymes
  A catoblepas skeleton (Crypt:1)
  7 guardian mummies (Crypt:3)
  9 tengu conjurers
  4 trolls
  6 human skeletons (Vaults:3)
  A polar bear (shapeshifter) (Abyss:2)
  A queen bee (shapeshifter) (Vaults:5)
  A red devil (Abyss:2)
  2 spectral harpies (Crypt:2)
  A harpy zombie (Crypt:2)
  9 polar bears
  25 hornets
  A harpy skeleton (Abyss:2)
  A hellwing (Abyss:2)
  Prince Ribbit (D:5)
  4 tyrant leeches
  A merfolk (shapeshifter) (Vaults:5)
  A hydra skeleton (Crypt:2)
  14 raiju
  An ettin zombie (Crypt:2)
  3 glass eyes
  2 snapping turtles (Snake:2)
  22 blink frogs
  A stone giant simulacrum (Crypt:1)
  20 dream sheep
  33 slime creatures
  35 spriggans
  2 culicivoras (Vaults:1)
  A wyvern (D:9)
  6 wraiths
  3 water elementals
  5 shadows
  9 ynoxinuls
  An ice dragon skeleton (Crypt:1)
  4 vampires
  2 dire elephant simulacra (IceCv)
  8 fire elementals
  7 hogs (Lair:3)
  8 humans (D:14)
  2 steam dragons
  4 ettin skeletons
  38 yaks
  7 neqoxecs
  5 basilisks
  6 golden eyes (Slime:4)
  2 death yak simulacra (IceCv)
  8 wargs
  2 redbacks
  14 vampire mosquitoes
  5 chaos spawn
  Edmund (D:5)
  Menkaure (D:5)
  A redback (shapeshifter) (Vaults:5)
  20 swamp worms
  5 harpy simulacra
  3 spatial vortices (Abyss:4)
  An entropy weaver zombie (Crypt:1)
  2 acid dragons (D:13)
  8 water moccasins
  37 nagas
  2 glowing shapeshifter skeletons (Vaults:3)
  3 hell hounds (Snake:3)
  A hydra simulacrum (IceCv)
  Duvessa (D:5)
  An ice beast (D:7)
  22 orc warriors
  8 swamp drakes
  6 black bears
  2 ettin simulacra
  7 ogres
  A tengu (shapeshifter) (Abyss:4)
  26 wolves
  A swamp dragon zombie (Crypt:2)
  48 laughing skulls
  17 small abominations
  A hog zombie (Crypt:2)
  A blink frog skeleton (Crypt:2)
  8 centaurs
  13 boggarts
  A snapping turtle skeleton (Crypt:2)
  2 phantoms
  2 kobold brigands
  Blork the orc (Orc:2)
  A weeping skull (Abyss:2)
  A brain worm (Abyss:2)
  8 bullfrogs
  A gnoll sergeant (D:11)
  A cyclops zombie (Crypt:2)
  2 warg zombies
  3 two-headed ogre simulacra (IceCv)
  A salamander skeleton (Crypt:1)
  2 cane toad simulacra (IceCv)
  3 scorpions
  8 wights (D:7)
  3 burial acolytes (Crypt:3)
  2 cyclops skeletons (Orc:1)
  Dowan (D:5)
  An elephant simulacrum (IceCv)
  9 killer bees
  2 human simulacra (Vaults:3)
  8 electric eels
  2 howler monkeys
  2 lava snakes (Lair:3)
  2 crimson imps
  4 quasits (Abyss:2)
  A warg simulacrum (Orc:1)
  8 hounds
  20 orc priests
  A bombardier beetle (D:4)
  A black bear zombie (Crypt:1)
  Crazy Yiuf (D:2)
  4 gnoll boudas
  A sleepcap (D:5)
  4 iron imps (Abyss:2)
  Natasha (thrice) (D:3)
  Terence (D:3)
  2 cyclops simulacra (Orc:1)
  3 iguanas
  29 orc wizards
  2 polar bear simulacra (IceCv)
  A basilisk skeleton (Crypt:1)
  6 hell rats (Lair:3)
  A boggart skeleton (Crypt:1)
  8 spriggan simulacra (IceCv)
  4 troll simulacra (IceCv)
  2 wolf simulacra (IceCv)
  Robin (D:3)
  26 gnolls
  10 naga simulacra
  5 adders
  An orc zombie (Orc:1)
  A shadow imp (D:7)
  6 white imps
  16 ufetubi
  An orc simulacrum (Orc:1)
  An iguana zombie (Crypt:1)
  5 ribbon worms
  2 dart slugs
  92 orcs
  6 endoplasms
  3 giant cockroaches
  13 goblins
  10 hobgoblins
  2 jackals (D:3)
  3 quokkas
  9 ball pythons
  9 bats
  A frilled lizard (D:2)
  17 kobolds
  6 rats
  A lurking horror (Abyss:2)
  14 starspawn tentacles
2511 creatures vanquished.

Vanquished Creatures (others)
  2 ancient liches
  An ironbound preserver (Vaults:2)
  A vault guard (Vaults:3)
  A spectral anaconda (Crypt:2)
  A large abomination (Abyss:5)
  A salamander (Snake:4)
  A freezing wraith (Crypt:3)
  A tyrant leech (Swamp:2)
  3 bloated husks
  A raiju (Abyss:4)
  A water elemental (Depths:1)
  A starcursed mass (Abyss:4)
  A human (D:14)
  4 vampire mosquitoes (Swamp:1)
  A swamp worm (Swamp:1)
  2 small abominations (Abyss:4)
  An orc warrior (Vaults:5)
  2 laughing skulls
  A burial acolyte (Crypt:3)
  30 foxfires
  2 lurking horrors
  27 starspawn tentacles
86 creatures vanquished.

Grand Total: 2597 creatures vanquished

Notes
Turn   | Place    | Note
-------+----------+-------------------------------------------
     0 | D:1      | nuthulu the Minotaur Fighter began the quest for the Orb.
     0 | D:1      | Reached XP level 1. HP: 19/19 MP: 0/0
   138 | D:1      | Reached XP level 2. HP: 27/27 MP: 1/1
   431 | D:1      | Reached XP level 3. HP: 34/34 MP: 2/2
   443 | D:1      | Found Uhutogg's Book Shoppe.
   786 | D:2      | Found a runed translucent door.
   787 | D:2      | Noticed Crazy Yiuf
  1102 | D:2      | Found a faded altar of an unknown god.
  1308 | D:2      | Reached XP level 4. HP: 41/41 MP: 3/3
  1375 | D:2      | Reached skill level 5 in Fighting
  1627 | D:2      | Killed Crazy Yiuf
  1795 | D:3      | Noticed Robin
  1814 | D:3      | Killed Robin
  1815 | D:3      | Reached XP level 5. HP: 36/48 MP: 4/4
  1955 | D:3      | Noticed Natasha
  1958 | D:3      | Killed Natasha
  1959 | D:3      | Reached skill level 5 in Axes
  2003 | D:3      | Noticed Natasha
  2012 | D:3      | Killed Natasha
  2191 | D:3      | Noticed Natasha
  2198 | D:3      | Killed Natasha
  2209 | D:3      | Noticed Terence
  2211 | D:3      | Reached XP level 6. HP: 56/58 MP: 5/5
  2227 | D:3      | Killed Terence
  2385 | D:4      | Found a staircase to the Ecumenical Temple.
  2386 | D:4      | Identified a scroll of acquirement
  2386 | D:4      | Acquired the +1 pair of boots "Solyesubb" {rElec rF+}
  2414 | Temple   | Entered the Ecumenical Temple
  2430 | Temple   | Became a worshipper of Warmaster Okawaru
  2813 | D:4      | Found Ykhloetiu's One-of-a-Kind Rings.
  2823 | D:4      | Bought a +2 ring of protection for 120 gold pieces
  2923 | D:5      | Entered Level 5 of the Dungeon
  2957 | D:5      | Reached XP level 7. HP: 42/66 MP: 6/6
  3068 | D:5      | Noticed Menkaure
  3068 | D:5      | You fall into a shaft and drop 3 floors!
  3081 | D:7      | Reached * piety under Okawaru
  3499 | D:5      | Noticed Duvessa
  3509 | D:5      | Killed Duvessa
  3510 | D:5      | Reached skill level 1 in Invocations
  3518 | D:5      | Noticed Dowan
  3524 | D:5      | Killed Dowan
  3525 | D:5      | Reached XP level 8. HP: 54/75 MP: 7/7
  3618 | D:5      | Noticed Edmund
  3634 | D:5      | Killed Edmund
  3687 | D:5      | Noticed Prince Ribbit
  3696 | D:5      | Killed Prince Ribbit
  3742 | D:5      | Reached ** piety under Okawaru
  3919 | D:5      | Killed Menkaure
  4360 | D:6      | Reached XP level 9. HP: 85/85 MP: 11/11
  4398 | D:6      | Reached skill level 10 in Fighting
  5097 | D:7      | Reached skill level 10 in Axes
  5209 | D:7      | Reached *** piety under Okawaru
  6102 | D:8      | Reached **** piety under Okawaru
  6186 | D:8      | Reached XP level 10. HP: 75/97 MP: 12/12
  6287 | D:8      | Found a burning altar of Makhleb.
  6292 | D:8      | Identified the +1 leather armour of Cum Witi {Will- rCorr
                  | Dex+3 Slay+4}
  6485 | D:8      | Found a shimmering altar of Xom.
  6842 | D:9      | Found a staircase to the Lair.
  6861 | D:9      | Found a staircase to the Orcish Mines.
  6957 | D:9      | Reached ***** piety under Okawaru
  7472 | D:9      | Reached skill level 5 in Invocations
  7707 | D:9      | Received a gift from Okawaru
  8093 | D:10     | Entered Level 10 of the Dungeon
  8236 | D:10     | Noticed a two-headed ogre
  8247 | D:10     | Killed a two-headed ogre
  8248 | D:10     | Reached XP level 11. HP: 85/108 MP: 11/14
  8486 | D:10     | Noticed a two-headed ogre
  8491 | D:10     | Killed a two-headed ogre
  8772 | D:10     | Received a gift from Okawaru
  9044 | D:10     | Noticed a two-headed ogre
  9052 | D:10     | Killed a two-headed ogre
  9257 | Lair:1   | Entered Level 1 of the Lair of Beasts
  9278 | Lair:1   | Noticed Fannar
  9294 | Lair:1   | Killed Fannar
  9919 | Lair:1   | Reached skill level 15 in Fighting
 10180 | Lair:1   | Reached skill level 15 in Axes
 10790 | Lair:2   | Noticed a six-headed hydra
 10844 | Lair:2   | Found a transporter.
 10890 | Lair:2   | Noticed an eight-headed hydra
 10900 | Lair:2   | Found a transporter.
 10919 | Lair:2   | Received a gift from Okawaru
 10920 | Lair:2   | Reached XP level 12. HP: 111/119 MP: 16/16
 11006 | Lair:2   | Reached skill level 5 in Armour
 11006 | Lair:2   | Reached skill level 5 in Shields
 11672 | Lair:2   | Noticed Amaemon
 11690 | Lair:2   | Killed Amaemon
 11690 | Lair:2   | Received a gift from Okawaru
 12237 | Lair:2   | Noticed Konar's ghost (journeyman CoHu)
 12953 | Lair:3   | Found a staircase to the Swamp.
 12972 | Lair:3   | Received a gift from Okawaru
 13285 | Lair:3   | Noticed Kirke
 13293 | Lair:3   | Reached XP level 13. HP: 119/126 MP: 17/17
 13305 | Lair:3   | Killed Kirke
 13615 | Lair:3   | Found a staircase to the Snake Pit.
 13626 | Lair:3   | Reached skill level 10 in Armour
 13637 | Lair:3   | Reached skill level 10 in Shields
 14103 | Lair:4   | Reached ****** piety under Okawaru
 14150 | Lair:4   | Acquired a +3 broad axe of freezing
 14150 | Lair:4   | Received a gift from Okawaru
 14336 | Lair:4   | Acquired the +3 pair of gauntlets of War {Slay+5}
 14336 | Lair:4   | Received a gift from Okawaru
 14336 | Lair:4   | Found the +3 pair of gauntlets of War {Slay+5}
 14380 | Lair:4   | Identified the +6 long sword of Objectivity {venom, Str+3
                  | Dex+4}
 14513 | Lair:4   | Found a staircase to the Slime Pits.
 14562 | Lair:4   | Received a gift from Okawaru
 15390 | Lair:5   | Entered Level 5 of the Lair of Beasts
 15458 | Lair:4   | Received a gift from Okawaru
 16282 | Lair:5   | Reached XP level 14. HP: 135/135 MP: 18/18
 16392 | Lair:5   | Reached skill level 1 in Dodging
 16430 | Lair:5   | Received a gift from Okawaru
 16943 | Lair:5   | Identified the +0 cloak of Understanding {Rampage}
 17166 | Orc:1    | Entered Level 1 of the Orcish Mines
 17169 | Orc:1    | Found a roughly hewn altar of Beogh.
 17283 | Orc:1    | HP: 6/135 [orc knight/+2 halberd of distortion (12)]
 17695 | Orc:1    | Noticed Nergalle
 17878 | Orc:1    | You fall into a shaft and drop 1 floor!
 17878 | Orc:2    | Entered Level 2 of the Orcish Mines
 17912 | Orc:1    | Killed Nergalle
 18240 | Orc:1    | Received a gift from Okawaru
 18243 | Orc:1    | Noticed an orc warlord
 18259 | Orc:1    | Killed an orc warlord
 18262 | Orc:1    | Noticed Erolcha
 18269 | Orc:1    | Killed Erolcha
 18993 | Orc:2    | Noticed an orc warlord
 19013 | Orc:2    | Killed an orc warlord
 19015 | Orc:2    | Noticed Blork the orc
 19112 | Orc:2    | Killed Blork the orc
 19376 | Orc:2    | Reached skill level 5 in Dodging
 19652 | Orc:2    | Noticed Urug
 19667 | Orc:2    | Killed Urug
 19680 | Orc:2    | Found a roughly hewn altar of Beogh.
 19682 | Orc:2    | Received a gift from Okawaru
 19828 | Orc:2    | Found Vieskama's Jewellery Shoppe.
 19883 | Orc:2    | Found Ramepn's Antique Weapon Shoppe.
 19898 | Orc:2    | Found Qeremelu's General Store.
 19906 | Orc:2    | Bought a potion of heal wounds for 65 gold pieces
 19906 | Orc:2    | Bought a scroll of identify for 26 gold pieces
 19915 | Orc:2    | Found Calis's Antique Armour Shoppe.
 19923 | Orc:2    | Bought a runed cloak for 240 gold pieces
 19978 | Orc:2    | Found a staircase to the Elven Halls.
 20367 | Orc:2    | Found Rigaataso's Antique Armour Shoppe.
 20769 | Snake:1  | Entered Level 1 of the Snake Pit
 21618 | Orc:2    | Bought a ring of poison resistance for 260 gold pieces
 21854 | D:11     | Reached XP level 15. HP: 141/141 MP: 19/19
 22049 | D:11     | Received a gift from Okawaru
 22173 | D:11     | Found a runed translucent door.
 22209 | D:11     | Identified the +3 flail of the Big Bang {protect, Dex+5}
 22211 | D:11     | Found a transporter.
 22212 | D:11     | Found a transporter.
 22212 | D:11     | Noticed Shym's ghost (novice DsWn)
 22212 | D:11     | Identified the +0 dire flail "Tieqicve" {venom, Str-5 Int+2
                  | Dex+5 SInv}
 22212 | D:11     | Identified the +2 great mace "Miereaxe" {freeze, rC++}
 23230 | D:12     | Found a frozen archway.
 23275 | IceCv    | Entered an ice cave
 24077 | IceCv    | Reached skill level 15 in Armour
 24848 | D:12     | Reached skill level 15 in Shields
 25273 | D:13     | Received a gift from Okawaru
 25518 | D:13     | Noticed Nessos
 25528 | D:13     | Killed Nessos
 25969 | D:13     | Found a runed translucent door.
 25969 | D:13     | Noticed Xahacwic's ghost (journeyman MiFi)
 25991 | D:13     | Killed Xahacwic's ghost
 26204 | D:14     | Found a bloodstained altar of Trog.
 26316 | D:14     | Received a gift from Okawaru
 26335 | D:14     | Found the ring of the Mage {Wiz Archmagi}
 26610 | D:14     | Reached skill level 10 in Dodging
 26620 | D:14     | Found a gate to the Vaults.
 26669 | D:14     | Identified the +2 kite shield "Ashrec" {-Tele Int+4 Dex+2}
 26977 | D:15     | Entered Level 15 of the Dungeon
 26999 | D:15     | Received a gift from Okawaru
 27164 | D:15     | Reached XP level 16. HP: 112/149 MP: 20/20
 27496 | D:15     | Received a gift from Okawaru
 27500 | D:15     | Found Gank's Book Shoppe.
 28110 | D:15     | Found a staircase to the Depths.
 28570 | Snake:1  | Noticed Rupert
 28592 | Snake:1  | Killed Rupert
 28654 | Snake:1  | Noticed Louise
 28678 | Snake:1  | Killed Louise
 28757 | Snake:1  | Received a gift from Okawaru
 29767 | Snake:2  | Found a hazy altar of Hepliaklqana.
 29791 | Snake:2  | Received a gift from Okawaru
 30286 | Snake:2  | Received a gift from Okawaru
 30323 | Snake:2  | Reached XP level 17. HP: 159/159 MP: 18/21
 31091 | Snake:3  | Noticed Bai Suzhen
 31114 | Snake:3  | Killed Bai Suzhen
 31161 | Snake:3  | Noticed CobblerOfWar's ghost (adept CoFi)
 31165 | Snake:3  | Found a runed translucent gate.
 31165 | Snake:3  | Found a runed translucent gate.
 31165 | Snake:3  | Found a runed translucent gate.
 31172 | Snake:3  | Found a basalt altar of Yredelemnul.
 31758 | Snake:3  | Noticed Azrael
 31776 | Snake:3  | Killed Azrael
 32023 | Snake:4  | Entered Level 4 of the Snake Pit
 32103 | Snake:4  | Reached skill level 15 in Dodging
 32210 | Snake:4  | Received a gift from Okawaru
 32563 | Snake:4  | Found the necklace of Bloodlust {Fury *Rage Will++ Int-3
                  | Slay+6}
 32700 | Snake:4  | Reached XP level 18. HP: 172/172 MP: 22/22
 32853 | Snake:4  | Received a gift from Okawaru
 33044 | Snake:4  | Got a serpentine rune of Zot
 33413 | Swamp:1  | Entered Level 1 of the Swamp
 33413 | Swamp:1  | Noticed Nikola
 33559 | Swamp:1  | Killed Nikola
 33887 | Swamp:1  | Received a gift from Okawaru
 33933 | Swamp:1  | Reached XP level 19. HP: 182/182 MP: 23/23
 34118 | Swamp:1  | Found a hide-covered altar of Uskayaw.
 34847 | Swamp:2  | Received a gift from Okawaru
 35790 | Swamp:3  | Acquired a manual of Dodging
 36275 | Swamp:4  | Entered Level 4 of the Swamp
 36322 | Swamp:4  | Received a gift from Okawaru
 36822 | Swamp:4  | Got a decaying rune of Zot
 36885 | Swamp:4  | Received a gift from Okawaru
 37004 | Swamp:4  | Identified the ring of Eddy {rElec rF+ Str-3 Int+3 Dex+6}
 37447 | Depths:1 | Entered Level 1 of the Depths
 37598 | Depths:1 | Noticed Sojobo
 37805 | Depths:1 | Found Konnota's Distillery.
 37869 | D:15     | Received a gift from Okawaru
 38002 | Depths:1 | Paralysed by an air elemental for 1 turns
 38018 | Depths:1 | Paralysed by an air elemental for 1 turns
 38022 | Depths:1 | Killed Sojobo
 38023 | Depths:1 | Reached XP level 20. HP: 193/198 MP: 19/24
 38069 | Depths:1 | Bought a potion of haste for 170 gold pieces
 38153 | Depths:1 | Noticed a golden dragon
 38163 | Depths:1 | Killed a golden dragon
 38279 | Depths:1 | Found a broken altar of Ashenzari.
 38328 | Depths:1 | Found a one-way gate leading to the halls of Pandemonium.
 38389 | Depths:1 | Received a gift from Okawaru
 38408 | Depths:1 | Identified the +4 scale mail "Pomeqas" {rPois Str-3 Int+5
                  | Dex+4}
 38522 | Depths:1 | Found a gateway to Hell.
 39189 | Depths:2 | Received a gift from Okawaru
 39273 | Depths:2 | Found a one-way gateway to a ziggurat.
 39587 | Depths:2 | Identified the +0 hat of Alyej {Harm rPois rC+ Int+3}
 39596 | Depths:2 | Found a radiant altar of Vehumet.
 39611 | Depths:2 | Identified the +0 robe of Ceggac {rElec rPois Int+3}
 39623 | Depths:2 | Identified the +0 robe of the Bursting Gods {rC+ Will-
                  | rCorr Dex+3}
 39849 | Depths:2 | Received a gift from Okawaru
 39943 | Depths:2 | Paralysed by a sphinx for 3 turns
 40261 | Depths:2 | Got the Vellum of Vitriolic Elsewhere
 40456 | Depths:3 | Received a gift from Okawaru
 40674 | Depths:3 | Found Tipueh's General Store.
 40691 | Depths:3 | Bought a potion of curing for 72 gold pieces
 40742 | Depths:3 | Reached XP level 21. HP: 166/209 MP: 25/25
 40873 | Depths:3 | Found a one-way gate to the infinite horrors of the Abyss.
 40949 | Depths:3 | Identified the +2 robe "Irirro" {rElec Int-5 Dex+4
                  | Archmagi}
 40949 | Depths:3 | Noticed Boris
 40966 | Depths:3 | Killed Boris
 40969 | Depths:3 | Noticed a golden dragon
 41302 | Depths:3 | Identified the +6 eveningstar of Eminent Domain {venom,
                  | +Blink rPois rF++ Str-5}
 41627 | Depths:3 | Acquired a manual of Invocations
 41992 | Depths:4 | Entered Level 4 of the Depths
 42003 | Depths:4 | Received a gift from Okawaru
 42379 | Depths:4 | Found a gate to the Realm of Zot.
 42571 | Depths:4 | Found Giadan's Assorted Antiques.
 42580 | Depths:4 | Found Heomnoe's Assorted Antiques.
 42593 | Depths:4 | Bought a potion of heal wounds for 180 gold pieces
 42593 | Depths:4 | Bought a scroll of enchant weapon for 270 gold pieces
 42593 | Depths:4 | Bought a scroll of enchant armour for 270 gold pieces
 42602 | Depths:4 | Received a gift from Okawaru
 43097 | Depths:4 | Reached skill level 10 in Invocations
 43219 | Depths:4 | Gained mutation: Your mind is acute. (Int +4, Str/Dex -1)
                  | [mutagenic glow]
 43231 | Depths:4 | Gained mutation: You are vulnerable to cold. (rC-)
                  | [mutagenic glow]
 43309 | Depths:4 | Lost mutation: Your mind is acute. (Int +4, Str/Dex -1)
                  | [potion of mutation]
 43309 | Depths:4 | Lost mutation: You are vulnerable to cold. (rC-) [potion of
                  | mutation]
 43309 | Depths:4 | Gained mutation: [You are frail. (-10% HP)] [potion of
                  | mutation]
 43309 | Depths:4 | Gained mutation: You are resistant to electric shocks.
                  | (rElec) [potion of mutation]
 43310 | Depths:4 | Lost mutation: You are resistant to electric shocks.
                  | (rElec) [potion of mutation]
 43310 | Depths:4 | Lost mutation: [You are frail. (-10% HP)] [potion of
                  | mutation]
 43310 | Depths:4 | Gained mutation: You have hidden genetic defects. [potion
                  | of mutation]
 43310 | Depths:4 | Gained mutation: You are resistant to electric shocks.
                  | (rElec) [potion of mutation]
 43579 | Vaults:1 | Entered Level 1 of the Vaults
 43599 | Vaults:1 | Found a portal to a secret trove of treasure.
 43601 | Vaults:1 | Identified the +4 plate armour "Kitiuf" {Int+2}
 43776 | Vaults:1 | Received a gift from Okawaru
 43791 | Vaults:1 | Identified the +4 robe of the Candlemaker {Int+3}
 43791 | Vaults:1 | Noticed Boris
 43800 | Vaults:1 | Killed Boris
 44043 | Vaults:1 | Gained mutation: You are dopey. (Int -2) [hidden defects]
 44050 | Vaults:1 | Reached XP level 22. HP: 222/222 MP: 29/29
 44140 | Vaults:1 | Lost mutation: You have hidden genetic defects. [potion of
                  | mutation]
 44140 | Vaults:1 | Lost mutation: You are resistant to electric shocks.
                  | (rElec) [potion of mutation]
 44140 | Vaults:1 | Lost mutation: You are dopey. (Int -2) [potion of mutation]
 44140 | Vaults:1 | Gained mutation: You are weak. (Str -2) [potion of
                  | mutation]
 44140 | Vaults:1 | Gained mutation: You expend magic power (3 MP) to
                  | strengthen your wands. [potion of mutation]
 44140 | Vaults:1 | Gained mutation: [You occasionally lose the ability to
                  | drink potions when taking damage.] [potion of mutation]
 44140 | Vaults:1 | Gained mutation: You have an increased reservoir of magic.
                  | (+10% MP) [potion of mutation]
 44141 | Vaults:1 | Lost mutation: You expend magic power (3 MP) to strengthen
                  | your wands. [potion of mutation]
 44141 | Vaults:1 | Lost mutation: [You occasionally lose the ability to drink
                  | potions when taking damage.] [potion of mutation]
 44141 | Vaults:1 | Gained mutation: [You occasionally lose the ability to
                  | drink potions when taking damage.] [potion of mutation]
 44141 | Vaults:1 | Gained mutation: Your mind is acute. (Int +4, Str/Dex -1)
                  | [potion of mutation]
 44141 | Vaults:1 | Gained mutation: You expend magic power (3 MP) to
                  | strengthen your wands. [potion of mutation]
 44290 | Vaults:1 | Received a gift from Okawaru
 45149 | Vaults:2 | Received a gift from Okawaru
 45966 | Vaults:2 | Received a gift from Okawaru
 46142 | Vaults:3 | Found a staircase to the Crypt.
 46327 | Vaults:3 | Found Qyafeir's Weapon Boutique.
 46607 | Vaults:3 | Reached skill level 15 in Invocations
 46634 | Vaults:3 | Identified the +3 robe of the Cockroach {Rampage +Inv Will-
                  | Slay+6}
 46634 | Vaults:3 | Noticed Boris
 46646 | Vaults:3 | Received a gift from Okawaru
 46648 | Vaults:3 | Killed Boris
 47504 | Vaults:3 | Reached XP level 23. HP: 234/234 MP: 37/37
 47893 | Vaults:4 | Received a gift from Okawaru
 48879 | Vaults:4 | Found Ulyepi's Assorted Antiques.
 49196 | Vaults:5 | Entered Level 5 of the Vaults
 49210 | Vaults:4 | Received a gift from Okawaru
 49255 | Vaults:5 | Noticed an ancient lich
 49258 | Vaults:5 | Noticed an ancient lich
 49260 | Vaults:5 | Noticed an ancient lich
 49278 | Vaults:4 | Received a gift from Okawaru
 49278 | Vaults:4 | Killed an ancient lich
 49280 | Vaults:4 | Killed an ancient lich
 49443 | Vaults:5 | Killed an ancient lich
 49462 | Vaults:5 | Reached skill level 27 in Fighting
 49467 | Vaults:5 | Reached skill level 27 in Axes
 49467 | Vaults:5 | Received a gift from Okawaru
 49487 | Vaults:5 | Reached XP level 24. HP: 245/249 MP: 29/37
 49792 | Vaults:5 | Got a silver rune of Zot
 49799 | Vaults:5 | Got the Monograph on Kindling
 49814 | Vaults:5 | Identified the +0 ring mail of Poutz {rN+++ Will- Str-2
                  | Int+3}
 49928 | Vaults:5 | Received a gift from Okawaru
 50323 | Vaults:5 | Identified the +0 robe "Fudibbya" {Fly Slay+3}
 50886 | Slime:1  | Entered Level 1 of the Pits of Slime
 51080 | Slime:5  | Entered Level 5 of the Pits of Slime
 51117 | Slime:5  | Noticed Donald
 51130 | Slime:5  | Killed Donald
 51249 | Slime:5  | Gained mutation: Potions are less effective at restoring
                  | your health. [a shining eye]
 51260 | Slime:5  | Gained mutation: [You are frail. (-10% HP)] [a shining eye]
 51297 | Slime:5  | Received a gift from Okawaru
 51518 | Slime:5  | Gained mutation: You are very weak. (Str -4) [a shining
                  | eye]
 51521 | Slime:5  | Gained mutation: Your body sometimes deteriorates upon
                  | taking damage. [a shining eye]
 51523 | Slime:5  | Gained mutation: [You are very frail. (-20% HP)] [a shining
                  | eye]
 51609 | Slime:5  | Noticed the Royal Jelly
 51610 | Slime:5  | Found a viscous altar of Jiyva.
 51620 | Slime:5  | Killed the Royal Jelly
 51657 | Slime:5  | Found the +10 dark maul {heavy}
 51677 | Slime:5  | Identified the ring "Dasoob" {Fly rElec Dex+3}
 51680 | Slime:5  | Identified the ring "Utrovvoj" {Ice MP+9}
 51687 | Slime:5  | Identified the ring "Peikipomya" {Fly rF+ rC+ Dex+3}
 51703 | Slime:5  | Lost mutation: Your body sometimes deteriorates upon taking
                  | damage. [potion of mutation]
 51703 | Slime:5  | Lost mutation: [You are very frail. (-20% HP)] [potion of
                  | mutation]
 51703 | Slime:5  | Gained mutation: You passively map a small area around you.
                  | [potion of mutation]
 51756 | Slime:5  | Got a slimy rune of Zot
 51852 | Slime:5  | Identified the +2 leather armour "Wijoor" {Str+4 Int+2}
 52158 | Temple   | Fell from the grace of Okawaru
 52158 | Temple   | Became a worshipper of the Shining One
 52491 | Crypt:1  | Entered Level 1 of the Crypt
 52530 | Crypt:1  | Reached * piety under the Shining One
 52571 | Crypt:1  | Reached ** piety under the Shining One
 52651 | Crypt:1  | Reached *** piety under the Shining One
 53045 | Crypt:2  | Reached **** piety under the Shining One
 53266 | Crypt:2  | Reached ***** piety under the Shining One
 53720 | Crypt:2  | Noticed Mennas
 53748 | Crypt:2  | Killed Mennas
 53786 | Crypt:2  | Reached ****** piety under the Shining One
 53796 | Crypt:2  | Identified a +9 broad axe of holy wrath (a +8 broad axe of
                  | protection blessed by the Shining One)
 53796 | Crypt:2  | Received a gift from the Shining One
 54178 | Crypt:3  | Entered Level 3 of the Crypt
 54215 | Crypt:3  | Identified the +7 falchion of Dim Light {speed, *Corrode
                  | rPois Dex+4 SInv}
 54251 | Crypt:3  | Identified the +3 chain mail of the Shoals {^Drain rElec
                  | rC+ Will+ Dex+2}
 54349 | Crypt:3  | Found an ancient bone altar of Kikubaaqudgha.
 54355 | Crypt:3  | Reached XP level 25. HP: 231/231 MP: 37/37
 54480 | Crypt:3  | Identified the ring of Siterpha {rC+ rN++ MP+9 Int+4}
 54480 | Crypt:3  | Identified the ring of Cacittio {Wiz rN++ Slay+4 Stlth+}
 54558 | Crypt:3  | Identified the orb of Snakes and Ladders {*channel, rF-
                  | Regen+ Str+5}
 54558 | Crypt:3  | Noticed Frederick
 54578 | Crypt:3  | Killed Frederick
 54773 | Crypt:3  | Identified the +10 spear of the Endless Expanse {antimagic,
                  | ^Fragile rElec rF+ Int+9}
 54773 | Crypt:3  | Noticed Khufu
 54774 | Crypt:3  | Found a staircase to the Tomb.
 54786 | Crypt:3  | Killed Khufu
 55103 | Crypt:3  | Identified the staff "Deiptour" {^Drain rC- rN+ Int+8
                  | Stlth+ Necro}
 55288 | Crypt:3  | Identified the +4 dagger "Qaif" {speed, ^Contam rC+ Int+6
                  | SInv}
 55780 | Depths:4 | Voluntarily entered the Abyss.
 55796 | Abyss:1  | Found a corrupted altar of Lugonu.
 55979 | Abyss:2  | Gained mutation: [Your spells are a little easier to cast,
                  | but a little less powerful.] [a neqoxec]
 56554 | Abyss:2  | Gained mutation: You have hidden genetic defects. [a
                  | neqoxec]
 56894 | Abyss:2  | Lost mutation: You have an increased reservoir of magic.
                  | (+10% MP) [a neqoxec]
 57206 | Abyss:4  | Found a corrupted altar of Lugonu.
 57301 | Abyss:4  | Found a corrupted altar of Lugonu.
 57384 | Abyss:4  | Found a corrupted altar of Lugonu.
 57398 | Abyss:4  | Paralysed by accursed screaming for 1 turns
 57430 | Abyss:4  | Gained mutation: Potions cannot restore your health.
                  | [hidden defects]
 57722 | Abyss:4  | Noticed a dread lich
 57730 | Abyss:4  | Killed a dread lich
 57751 | Abyss:4  | Paralysed by accursed screaming for 1 turns
 57853 | Abyss:5  | Paralysed by accursed screaming for 1 turns
 57909 | Abyss:5  | Reached XP level 26. HP: 212/239 MP: 33/33
 58048 | Abyss:5  | Gained mutation: You do not regenerate when monsters are
                  | visible. [hidden defects]
 58048 | Abyss:5  | Lost mutation: You have hidden genetic defects. [hidden
                  | defects expressed]
 58101 | Abyss:5  | Found a corrupted altar of Lugonu.
 58109 | Abyss:5  | Paralysed by accursed screaming for 2 turns
 58122 | Abyss:5  | Paralysed by accursed screaming for 2 turns
 58123 | Abyss:5  | Mangled by a reaper

Illustrated notes

Levels and vault maps discovered:
D:1:      minmay_arrival_cross, layout_basic, serial_shops,
          nicolae_shop_tiny_real_fake_doors, serial_bayou_pond_b
D:2:      wad_river_or_something, layout_basic,
          ebering_ecumenical_altar_sacrificial, minmay_misc_feat_nine_boxes,
          uniq_crazy_yiuf_cottage
D:3:      layout_basic, uniq_natasha, uniq_terence, uniq_robin
D:4:      layout_cave_pools, minmay_temple_entry_tees, nicolae_shop_unique_rings
D:5:      layout_rooms, uniq_prince_ribbit1, uniq_duvessa, uniq_edmund,
          uniq_menkaure
D:6:      layout_basic, portal_sewer_entry_d
D:7:      kb_forest_paths, layout_loops_ring
D:8:      layout_cave_pools, grunt_temple_overflow_champion_of_chaos
D:9:      layout_irregular_city, erik_lair_island, orc_0_dummy,
          hangedman_abyss_or_decor_clamps
D:10:     layout_roguey, hex_medium, chequers_serial_rivers_micro_e,
          kennysheep_cluttered_room, the_hattery
D:11:     minmay_gate_of_8, layout_loops_ring, gammafunk_ghost_smash
D:12:     layout_cave_pods, portal_ice_cave_entry_animals_and_master,
          serial_park, serial_park_avenue1, serial_park_tiny_pond,
          serial_park_square3 [serial_park_minivault_5x5_5], serial_park_tiny_2,
          serial_park_tiny_2, nzn_life_drinkers
D:13:     layout_roguey, gammafunk_ghost_grave, drop_trap,
          serial_library_hellmonk_angled_corner, uniq_nessos
D:14:     layout_roguey, ximxim_vaults_locker_room, trog_three_pillars_becter
D:15:     grunt_enter_depths_hoard, layout_basic, serial_shops,
          nicolae_shop_gibbet_a_chance, minmay_misc_feat_chi
Temple:   nicolae_temple_bog_church
Lair:1:   layout_regular_city, uniq_fannar
Lair:2:   layout_cave_pods, gammafunk_ghost_berserking_beasts, uniq_amaemon
Lair:3:   layout_misc_corridors, skrybe_swamp_entry_bodies,
          nicolae_snake_entry_warm_welcome, infiniplex_staircase_pool,
          serial_bayou_shore_a, grunt_megastairs_5, uniq_kirke
Lair:4:   layout_roguey, slime_entry_1, gammafunk_lair_bear_cave
Lair:5:   minmay_lair_end_enchanted_forest, layout_cave_shapes,
          infiniplex_staircase_pool_2
Swamp:1:  layout_basic_swamp, lemuel_altar_in_water, uniq_nikola
Swamp:2:  layout_basic_swamp, evilmike_swamp_ruin_rubble_1, swamp_pool_1_2,
          nicolae_swamp_spooky_pond
Swamp:3:  layout_basic_swamp, nicolae_swamp_tree_isthmus
Swamp:4:  grunt_swamp_rune_castle, layout_basic_swamp
Snake:1:  layout_rooms, grunt_megastairs_4, uniq_rupert, uniq_louise
Snake:2:  layout_onion, basic_altar, st_stairs_13,
          nicolae_snake_herptile_family_reunion
Snake:3:  layout_chambers, gammafunk_ghost_split, basic_altar, uniq_azrael,
          uniq_bai_suzhen
Snake:4:  snake_pit_salamanders_mu, layout_misc_corridors,
          beargit_elvish_explorers, lemuel_fruit_tree
Slime:1:  layout_caves
Slime:2:  layout_caves, cheibrodos_slime_lost_civilization_5
Slime:3:  layout_caves, nicolae_slime_phagocytosis
Slime:4:  layout_caves
Slime:5:  slime_pit_nicolae_royal_road_to_ruin, uniq_dissolution, uniq_donald
Orc:1:    dreamdust_under_siege, layout_caves, uniq_erolcha, uniq_nergalle
Orc:2:    grunt_orc_cross, layout_caves, serial_shops,
          nicolae_shop_pleasant_corner_grove
Vaults:1: v_rooms_2, grunt_vaults_funneled_arena, hangedman_vaults_stagger,
          hangedman_vaults_locks, nicolae_vaults_closet_pinwheel_1,
          hangedman_vaults_pinch, vaults_room_door_ring,
          nicolae_vaults_mini_display_case, vaults_dpeg_ring, v_misc_16,
          layout_vaults_omnicross, nicolae_trove_entry_isolated
Vaults:2: v_misc_33, hangedman_vaults_restitches, vaults_room_fours,
          vaults_room_octagon, nicolae_vaults_prndl, ontoclasm_vaults_hangar,
          nicolae_vaults_cochlea, nicolae_vaults_circle_grid_b,
          vaults_mumra_minichess, nicolae_vaults_tetromino_T_1, v_misc_25,
          nicolae_vaults_security_offices_1,
          nicolae_vaults_variable_pillar_hall, v_misc_14, vaults_room_pools,
          v_misc_28, layout_vaults_maze_bifur
Vaults:3: minmay_crypt_entry_skeletal_spiral, ontoclasm_vaults_shuriken,
          v_misc_26, nicolae_vaults_arrows, nicolae_vaults_tetromino_Z_1,
          vaults_room_pools, layout_vaults_chaotic_city, serial_shops,
          nicolae_shop_rolling_square
Vaults:4: nicolae_vaults_spaceships, vaults_room_octagon, v_alt_pattern_4,
          nicolae_vaults_holding_cells, hangedman_vaults_maws, v_misc_31,
          vaults_room_stairs_pillars, v_misc_5, vaults_room_pool,
          nicolae_vaults_diamond_1, layout_vaults_omnigrid, serial_shops,
          nicolae_shop_behind_doors
Vaults:5
Crypt:1:  layout_rooms, grunt_crypt_arrival_webbed
Crypt:2:  layout_basic, nicolae_crypt_knee_deep_in_the_dead, uniq_mennas
Crypt:3:  grunt_crypt_end_deaths_head, uniq_frederick
Depths:1: layout_cave_pools, lightli_too_deep, rand_demon_pan_entry_1,
          serial_shops, nicolae_shop_stone, cheibrodos_ashenzari_chains,
          kennysheep_random_hallway, uniq_sojobo
Depths:2: kennysheep_snake, layout_gridlike, enter_ziggurat_a,
          serial_bayou_pond_a, pf_coc_iceberg, pan_entry, grunt_tower_of_power
Depths:3: nzn_winding_woodlands_stair_cross [nzn_winding_woodlands_5x15_jagged,
          nzn_winding_woodlands_center_lodge,
          nzn_winding_woodlands_5x15_sidewinder,
          nzn_winding_woodlands_5x5_perimeter,
          nzn_winding_woodlands_5x5_default, nzn_winding_woodlands_5x15_parted,
          nzn_winding_woodlands_center_diamonds,
          nzn_winding_woodlands_5x15_eye], layout_cave_pools,
          pf_vacation_house_of_asmodeus, abyss_entry, grunt_decor_cap,
          nicolae_wooded_promenade, infiniplex_staircase_spiral, uniq_boris
Depths:4: grunt_zot_entry_hairpin, layout_gridlike, minmay_room_of_horrors,
          nicolae_water_bricks, hangedman_tar_grid_catacomb, minmay_shoptagon
Abyss:5:  base: Depths:3, evilmike_abyss_exit_vortex,
          nicolae_abyss_rune_star_stuff, grunt_abyss_exit_deep_breaths

Skill      XL: |  1  2  3  4  5  6  7  8  9 10 11 12 13 14 15 16 17 18 19 20 21 22 23 24 25 26 |
---------------+-------------------------------------------------------------------------------+-----
Fighting       | 4 5 6 7 8 9 12 13 15 16 18 19 21 22 24 25 27 | 27.0
Axes           | 3 4 5 6 8 9 11 13 15 16 17 18 20 22 23 25 27 | 27.0
Invocations    | 1 4 5 7 11 15 | 15.7
Armour         | 9 12 14 16 18 20 22 | 22.9
Shields        | 9 12 14 15 16 18 20 21 | 21.3
Dodging        | 6 10 14 15 17 20 21 22 24 | 24.3

Action                     |  1- 3 |  4- 6 |  7- 9 | 10-12 | 13-15 | 16-18 | 19-21 | 22-24 | 25-27 || total
---------------------------+-------+-------+-------+-------+-------+-------+-------+-------+-------++-------
  Melee: War axe           |    86 |    98 |   219 |   439 |    67 |       |       |       |       ||   909
         Headbutt          |    12 |    10 |    37 |    89 |   201 |   215 |   486 |   554 |   246 ||  1850
         Broad axe         |       |       |       |       |   854 |   721 |  1397 |  1488 |   722 ||  5182
         Flail             |       |       |       |       |    22 |       |       |       |       ||    22
         Unarmed           |       |       |       |       |    21 |       |       |    16 |       ||    37
         Morningstar       |       |       |       |       |     5 |    14 |    86 |       |       ||   105
 Invoke: Heroism           |       |       |     1 |     6 |     5 |     4 |       |     2 |       ||    18
         Finesse           |       |       |       |     1 |     3 |     6 |     3 |     2 |       ||    15
         Receive Weapon    |       |       |       |       |     1 |       |       |       |       ||     1
         Receive Armour    |       |       |       |       |     1 |       |       |       |       ||     1
         Cleansing Flame   |       |       |       |       |       |       |       |     1 |     9 ||    10
         Brand Weapon With |       |       |       |       |       |       |       |     1 |       ||     1
         Divine Shield     |       |       |       |       |       |       |       |       |     4 ||     4
    Use: Scroll            |     6 |     6 |     5 |     6 |     3 |     6 |     9 |     6 |       ||    47
         Potion            |       |       |       |     3 |     3 |     1 |     2 |     3 |     4 ||    16
   Stab: Confused          |       |       |       |       |     1 |       |       |     5 |       ||     6
         Distracted        |       |       |       |       |       |       |     1 |       |       ||     1
 Armour: Scale mail        |    79 |    73 |   187 |   298 |   334 |       |       |       |       ||   971
         Skin              |       |    12 |       |       |    10 |       |       |       |       ||    22
         Plate armour      |       |       |       |       |   216 |       |       |       |       ||   216
         Crystal plate arm |       |       |       |       |   155 |   653 |  1343 |  1314 |   460 ||  3925
  Dodge: Dodged            |    48 |    41 |   106 |   130 |   299 |   226 |   509 |   561 |   237 ||  2157
  Block: Buckler           |    27 |    23 |    49 |   169 |   555 |   421 |       |       |       ||  1244
         Reflection        |       |       |       |     5 |    26 |    77 |    33 |    68 |    30 ||   239
         Other             |       |       |       |       |     1 |       |       |       |       ||     1
         Kite shield       |       |       |       |       |       |   164 |  1586 |  1737 |   744 ||  4231

Table legend: (Time is in decaauts)
 A = Elapsed time spent in this place.
 B = Non-inter-level travel time spent in this place.
 C = Inter-level travel time spent in this place.
 D = Time resting spent in this place.
 E = Time spent auto-exploring this place.
 F = Levels seen in this place.
 G = Mean time per level.
                   A        B        C        D        E       F      G
               +--------+--------+--------+--------+--------+-----+--------+
         Total |  57013 |  52952 |   4061 |  12655 |  27465 |  54 | 1055.8 |
       Dungeon |  16141 |  14678 |   1463 |   3317 |   8517 |  15 | 1076.1 |
        Temple |     53 |     21 |     32 |      0 |      0 |   1 |   53.0 |
          Lair |   9320 |   8566 |    754 |   3683 |   3509 |   5 | 1864.0 |
         Swamp |   3659 |   3533 |    126 |    823 |   1776 |   4 |  914.8 |
     Snake Pit |   4801 |   4606 |    195 |   1051 |   2395 |   4 | 1200.2 |
    Slime Pits |   1042 |    917 |    125 |    207 |    122 |   5 |  208.4 |
  Orcish Mines |   3019 |   2788 |    231 |   1554 |    604 |   2 | 1509.5 |
        Vaults |   7126 |   6452 |    674 |    564 |   4345 |   5 | 1425.2 |
         Crypt |   2874 |   2796 |     78 |    447 |   1518 |   3 |  958.0 |
        Depths |   5412 |   5032 |    380 |    586 |   3032 |   4 | 1353.0 |
         Abyss |   2195 |   2195 |      0 |    365 |    568 |   5 |  439.0 |
      Ice Cave |   1366 |   1366 |      0 |     58 |   1077 |   1 | 1366.0 |
               +--------+--------+--------+--------+--------+-----+--------+

Top non-repeatable levels by time:
  Lair:3: 2928 daAuts
     D:9: 2068 daAuts
  Lair:4: 2057 daAuts
   Orc:1: 2035 daAuts
Vaults:3: 1879 daAuts
  Lair:2: 1857 daAuts
    D:15: 1828 daAuts
Vaults:1: 1637 daAuts
Depths:2: 1557 daAuts
Depths:3: 1505 daAuts
 Snake:3: 1466 daAuts
Vaults:4: 1446 daAuts
Depths:4: 1391 daAuts
   IceCv: 1366 daAuts
  Lair:1: 1288 daAuts
